Map: Oxide LE

Players

HeroMarine

  • Race: Terran Terran
  • League: Grandmaster

Reynor - Winner!

  • Race: Zerg Zerg
  • League: Master

Event: ASUS ROG Fall 2021

VOD

Have the link to the VOD?

Description

Time

  • Played on: Sept. 19, 2021, 9:30 a.m.
  • Length: 17:37

All games in this series

Show
View Real Time Build Order
Export as new Build Order

HeroMarine Terran 

Build Orders: Reaper Expand, Hellion Banshee 

Get SALT Encoding   

  12  0:00  SCV  
  13  0:12  SCV  
  14  0:17  Supply Depot  
  14  0:24  SCV  
  15  0:38  SCV  
  15  0:40  Barracks  
  16  0:44  Refinery  
  16  0:50  SCV  
  17  1:02  SCV  
  18  1:14  SCV  
  19  1:28  Reaper, Orbital Command  
  20  1:39  Command Center  
  20  1:49  Supply Depot  
  20  1:53  SCV  
  21  2:00  Marine  
  22  2:05  SCV  
  22  2:07  Factory  
  23  2:17  Marine, SCV  
  26  2:30  SCV  
  26  2:39  Command Center  
  26  2:41  Barracks Reactor  
  26  2:43  SCV  
  27  2:52  Orbital Command  
  27  2:55  SCV  
  28  3:01  Starport  
  28  3:07  SCV  
  28  3:09  Refinery  
  29  3:17  SCV  
  29  3:19  SCV  
  31  3:21  Hellion  
  31  3:23  Hellion  
  35  3:28  Barracks Tech Lab  
  35  3:29  SCV  
  35  3:31  SCV  
  37  3:41  SCV  
  37  3:42  Hellion  
  37  3:43  SCV  
  37  3:44  Hellion  
  43  3:53  SCV, Orbital Command  
  44  3:55  SCV  
  44  3:56  Banshee  
  44  4:01  Cloaking Field  
  48  4:05  SCV  
  48  4:06  Hellion  
  48  4:07  Supply Depot  
  48  4:08  SCV  
  48  4:09  Hellion  
  54  4:10  Barracks Tech Lab  
  54  4:17  SCV  
  54  4:19  SCV  
  54  4:20  SCV  
  57  4:24  Refinery  
  57  4:29  SCV  
  57  4:30  Marine, Supply Depot  
  59  4:31  SCV  
  59  4:32  SCV  
  59  4:36  Barracks  
  59  4:37  Barracks  
  61  4:39  Factory Reactor  
  61  4:42  SCV, Banshee  
  66  4:47  Orbital Command  
  66  4:48  Marine, SCV, Refinery  
  67  4:54  SCV  
  67  4:55  Supply Depot  
  68  5:00  SCV  
  68  5:04  Engineering Bay x2  
  68  5:06  Marine, SCV  
  71  5:12  SCV  
  72  5:15  SCV  
  72  5:16  Supply Depot  
  72  5:18  SCV, Supply Depot  
  74  5:23  Marine  
  74  5:24  Marine x2, SCV  
  74  5:27  SCV, Factory Reactor  
  79  5:30  SCV  
  79  5:31  Starport Reactor  
  79  5:32  Marine x2  
  79  5:34  Factory Tech Lab  
  82  5:36  SCV  
  82  5:39  SCV  
  82  5:40  Stimpack  
  82  5:41  Marine  
  82  5:42  Marine x2, SCV  
  88  5:43  Siege Tank  
  88  5:47  Supply Depot  
  88  5:48  SCV, Supply Depot  
  92  5:50  Marine  
  92  5:52  Terran Infantry Armor Level 1, Terran Infantry Weapons Level 1  
  92  5:55  SCV x2  
  92  5:57  Marine  
  95  5:59  Marine  
  95  6:00  Marine, SCV  
  99  6:05  Marine  
  99  6:07  Marine  
  99  6:10  Medivac x2  
  101  6:14  Marine  
  101  6:15  Siege Tank  
  101  6:17  Marine  
  101  6:18  Marine  
  107  6:23  SCV x2  
  109  6:28  SCV  
  109  6:29  Marine x2, Barracks  
  109  6:30  Barracks  
  112  6:34  Supply Depot  
  112  6:35  SCV  
  112  6:36  SCV, Supply Depot  
  112  6:38  Marine  
  115  6:40  SCV  
  116  6:48  Marine  
  117  6:56  Marine x4, Medivac x2  
  117  6:57  Supply Depot  
  117  6:58  Refinery, SCV x2, Supply Depot  
  127  7:02  SCV  
  127  7:07  Marine  
  131  7:08  Widow Mine  
  131  7:10  Factory  
  131  7:13  Marine  
  132  7:16  Marine  
  132  7:18  Barracks Reactor x2  
  132  7:19  Marine  
  132  7:20  Combat Shield  
  132  7:21  Supply Depot  
  134  7:24  Command Center  
  134  7:26  Supply Depot x2  
  134  7:28  Marine x2  
  136  7:31  Marine, Widow Mine  
  136  7:33  Marine  
  136  7:34  Armory  
  136  7:35  Medivac  
  136  7:36  Marine, Medivac  
  145  7:45  Marine x2  
  145  7:49  Marine  
  145  7:51  Marine, Supply Depot  
  148  7:52  Supply Depot  
  148  7:54  Marine  
  148  7:55  Marine x2, Factory Reactor  
  148  7:57  Marine, Sensor Tower  
  153  8:00  Marine  
  153  8:01  Widow Mine  
  153  8:03  Marine x2  
  158  8:07  Marine  
  158  8:09  Marine, SCV x3  
  158  8:12  Marine, Medivac x2  
  168  8:13  Marine  
  168  8:15  Marine x2  
  168  8:19  Supply Depot  
  171  8:20  Supply Depot  
  171  8:21  Marine x3  
  171  8:24  Terran Infantry Weapons Level 2, Drilling Claws  
  174  8:31  Terran Infantry Armor Level 2  
  174  8:32  Marine x2  
  174  8:33  Marine  
  177  8:35  Marine x2  
  177  8:37  Marine  
  177  8:39  Marine x3  
  176  8:41  Widow Mine  
  176  8:45  Widow Mine x2  
  180  8:50  Marine  
  180  8:53  Liberator  
  179  8:56  Marine x2  
  179  8:59  Marine x2  
  185  9:03  Marine x2, Widow Mine  
  185  9:04  Marine x2  
  185  9:06  Widow Mine x2  
  185  9:07  Marine  
  194  9:14  Marine x2  
  194  9:17  Marine x2  
  190  9:18  Medivac  
  190  9:20  Marine x2  
  190  9:22  Marine  
  195  9:24  Widow Mine  
  195  9:28  Marine, Terran Vehicle And Ship Armor Level 1, Widow Mine x2  
  200  9:51  Widow Mine x2, Medivac x2  
  195  9:53  Marine  
  195  9:55  Marine x2, Widow Mine  
  187  10:09  Planetary Fortress  
  187  10:11  Marine x2  
  187  10:12  Marine x5, Widow Mine  
  187  10:13  Marine x2, Widow Mine  
  167  10:16  Widow Mine, Barracks  
  167  10:19  Barracks x2  
  167  10:21  SCV x2  
  170  10:27  SCV  
  146  10:29  Marine x3  
  146  10:30  Marine x4  
  146  10:31  Marine x2  
  146  10:33  SCV x2  
  157  10:39  Widow Mine x3  
  163  10:47  Marine x5, Liberator  
  163  10:48  Marine x2, Liberator  
  163  10:49  Marine x2  
  174  10:52  Ghost Academy  
  175  11:04  Marine  
  175  11:05  Marine x6, Barracks Tech Lab  
  175  11:06  Barracks Tech Lab x2  
  175  11:07  Marine x2  
  175  11:08  Widow Mine x3  
  178  11:22  Marine x2  
  178  11:23  Marine x5  
  178  11:24  Marine x2  
  179  11:27  Marauder x2  
  179  11:29  Widow Mine x2  
  179  11:30  Widow Mine, Marauder  
  192  11:40  Marine x2  
  192  11:41  Marine x4  
  192  11:42  Marauder  
  189  11:48  Marine x2, Marauder x2  
  189  11:51  Widow Mine, Marauder  
  189  11:52  Terran Infantry Armor Level 3, Medivac x2, Terran Infantry Weapons Level 3  
  199  11:58  Marine  
  199  12:02  Marine  
  199  12:06  Refinery x2  
  200  12:13  Refinery  
  200  12:14  Marine  
  200  12:15  Marine  
  194  12:18  Widow Mine x2  
  194  12:22  Command Center x2  
  198  12:26  Marauder  
  190  12:33  Widow Mine  
  183  12:39  Widow Mine  
  183  12:40  Ghost x2  
  195  12:44  Ghost  
  195  12:49  Ghost  
  197  12:58  Marine x2, Orbital Command  
  188  13:00  Marine x2  
  188  13:01  Liberator  
  188  13:02  Liberator  
  188  13:04  Marine  
  188  13:05  Marine x3  
  167  13:09  Marine, Ghost  
  161  13:13  Marine  
  159  13:24  Supply Depot  
  159  13:25  Supply Depot  
  159  13:26  Supply Depot  
  159  13:33  Marine x6, Ghost x2  
  169  13:37  Ghost  
  169  13:40  Factory Tech Lab  
  170  13:50  Ghost  
  170  13:54  Widow Mine  
  174  13:57  Marine x2  
  174  13:59  Marine x2  
  174  14:01  Marine x2, Ghost x2  
  182  14:07  Orbital Command  
  180  14:11  Orbital Command  
  163  14:25  Ghost x2  
  163  14:26  Marine x3  
  163  14:30  Marine x2, Orbital Command  
  163  14:35  SCV x3  
  163  14:37  Medivac x2  
  165  14:47  SCV, Supply Depot  
  165  14:48  Sensor Tower  
  166  14:59  Widow Mine  
  168  15:03  Refinery  
  168  15:06  Refinery  
  165  15:10  Ghost x2  
  165  15:12  Marine x2  
  159  15:14  Marine x2  
  159  15:16  Medivac  
  159  15:17  Medivac  
  159  15:23  Marauder  
  161  15:32  SCV  
  165  15:38  Personal Cloaking  
  165  15:39  Ghost  
  166  15:49  Ghost  
  168  15:50  Sensor Tower  
  168  15:55  Liberator  
  168  15:56  Liberator  
  172  16:00  Factory Reactor  
  172  16:01  Ghost  
  167  16:14  Marine  
  167  16:15  Marine  
  167  16:17  SCV x3  
  167  16:18  SCV  
  161  16:19  SCV  
  155  16:28  Ghost  
  155  16:29  SCV x2  
  155  16:30  SCV  
  157  16:33  Ghost  
  158  16:40  SCV  
  158  16:41  SCV  
  158  16:47  Ghost  
  158  16:51  Liberator  
  159  17:00  Orbital Command  
  159  17:02  Ghost  
  154  17:16  Marine  
  154  17:18  Marine  
Show
View Real Time Build Order
Export as new Build Order

Reynor Zerg - Winner!

Build Orders: Hatch First, Lurkers 

Get SALT Encoding   

  12  0:00  Drone  
  13  0:12  Overlord  
  13  0:17  Drone  
  14  0:30  Drone x2  
  16  0:48  Hatchery  
  15  0:51  Drone  
  15  0:54  Drone  
  17  0:57  Drone  
  18  1:08  Extractor  
  17  1:12  Spawning Pool  
  17  1:16  Drone  
  17  1:19  Drone  
  18  1:27  Drone  
  19  1:38  Drone  
  20  1:49  Overlord  
  20  2:00  Queen x2, Zergling x2  
  20  2:01  Zergling x2  
  26  2:10  Drone  
  26  2:11  Drone  
  28  2:21  Drone  
  28  2:22  Drone  
  30  2:32  Hatchery  
  29  2:37  Metabolic Boost  
  29  2:39  Drone x2  
  31  2:45  Queen  
  31  2:50  Overlord  
  33  2:52  Drone  
  33  2:55  Drone  
  33  2:57  Drone  
  36  3:10  Drone x4  
  36  3:11  Drone  
  41  3:15  Overlord  
  41  3:17  Queen  
  43  3:20  Drone  
  43  3:26  Overlord  
  44  3:33  Drone  
  45  3:37  Drone  
  45  3:39  Queen  
  45  3:40  Drone  
  49  3:44  Queen  
  49  3:46  Drone  
  49  3:47  Overlord  
  52  3:51  Zergling x4  
  52  3:53  Drone x3  
  57  4:01  Lair  
  57  4:06  Drone x3, Baneling Nest  
  57  4:07  Drone  
  57  4:09  Drone  
  61  4:15  Queen  
  62  4:17  Extractor  
  62  4:21  Zergling x8  
  65  4:26  Overlord  
  65  4:32  Overlord  
  65  4:38  Spore Crawler  
  65  4:39  Drone  
  65  4:42  Drone  
  65  4:43  Overlord  
  65  4:44  Drone  
  65  4:45  Drone x3  
  69  4:46  Queen  
  69  4:50  Drone x2  
  69  4:51  Queen  
  76  4:55  Baneling x2  
  76  4:56  Baneling  
  76  4:57  Drone x3  
  76  4:58  Drone  
  80  5:01  Spore Crawler, Drone  
  80  5:04  Overlord  
  80  5:07  Drone x2  
  82  5:08  Drone  
  82  5:09  Overseer  
  83  5:14  Queen  
  83  5:19  Zergling x6  
  83  5:20  Spore Crawler  
  87  5:22  Drone  
  87  5:23  Drone x3  
  91  5:31  Overlord  
  91  5:32  Drone x3  
  96  5:40  Overseer  
  94  5:43  Extractor  
  94  5:44  Extractor, Centrifical Hooks  
  94  5:46  Drone x2, Evolution Chamber x2  
  94  5:49  Overlord  
  92  5:51  Hatchery, Drone x2  
  93  5:58  Overlord  
  93  6:01  Drone x4  
  93  6:02  Drone  
  93  6:03  Drone x3  
  93  6:04  Drone  
  102  6:10  Overlord  
  101  6:15  Pneumatized Carapace  
  101  6:16  Zerg Ground Armor Level 1  
  101  6:18  Zergling x10  
  102  6:21  Zerg Melee Weapons Level 1  
  102  6:25  Zergling x2  
  101  6:26  Zergling x6  
  101  6:27  Zergling x2  
  101  6:30  Zergling x8  
  109  6:34  Spore Crawler  
  109  6:35  Zergling x2  
  109  6:41  Zergling x8  
  109  6:44  Baneling x5  
  109  6:46  Zergling x4  
  115  6:49  Baneling x8  
  115  6:51  Zergling x2  
  116  6:57  Zergling x4  
  116  7:01  Drone  
  119  7:03  Zergling x2, Hatchery  
  119  7:07  Zergling x4  
  119  7:08  Zergling x8  
  125  7:11  Drone x3  
  125  7:13  Zergling x2  
  129  7:17  Queen  
  129  7:20  Spore Crawler, Overlord  
  129  7:21  Drone  
  131  7:23  Zergling x2  
  131  7:26  Zergling x8  
  136  7:32  Baneling x6  
  136  7:33  Overlord  
  136  7:36  Overlord  
  136  7:39  Overlord  
  136  7:43  Drone  
  135  7:47  Overlord  
  135  7:48  Baneling x6  
  135  7:52  Zergling x6  
  135  7:53  Zergling x6, Hatchery  
  135  7:55  Drone x4  
  135  7:58  Drone  
  145  8:01  Zergling x2  
  145  8:04  Drone x2  
  148  8:07  Drone  
  148  8:11  Overlord  
  149  8:14  Drone  
  149  8:16  Zergling x2  
  149  8:19  Spore Crawler x2  
  149  8:22  Zerg Ground Armor Level 2, Drone x3, Infestation Pit  
  149  8:23  Zerg Melee Weapons Level 2  
  149  8:24  Extractor, Drone x4  
  149  8:27  Extractor, Drone x3  
  157  8:30  Zergling x2  
  157  8:31  Zergling x10  
  157  8:33  Zergling x4  
  163  8:34  Burrow  
  163  8:35  Hatchery  
  163  8:37  Zergling x2, Overlord  
  163  8:40  Zergling x2  
  161  8:44  Overseer  
  161  8:47  Zergling x4  
  163  8:51  Zergling x4  
  163  8:52  Zergling x6  
  163  8:55  Baneling x8  
  167  8:57  Zergling x20  
  167  8:59  Overlord  
  167  9:01  Zergling x6  
  180  9:02  Baneling x4  
  180  9:03  Baneling x5  
  180  9:06  Extractor, Hatchery  
  180  9:07  Hive  
  180  9:09  Zergling x6  
  181  9:10  Overlord  
  181  9:12  Zergling x2  
  181  9:16  Zergling x2  
  181  9:17  Zergling x4  
  172  9:24  Zergling x4  
  172  9:25  Hydralisk Den  
  172  9:26  Zergling x2  
  172  9:27  Zergling x2  
  172  9:28  Baneling x7  
  172  9:29  Overseer  
  172  9:30  Drone  
  176  9:33  Zergling x4  
  176  9:34  Extractor  
  176  9:36  Baneling x4  
  176  9:37  Zergling x8, Baneling x2  
  176  9:38  Zergling x12  
  187  9:42  Zergling x12  
  190  9:48  Zergling x2  
  182  9:57  Zergling x10  
  187  10:02  Lurker Den  
  187  10:04  Overlord  
  173  10:09  Drone x13  
  177  10:14  Zergling x2  
  177  10:18  Zergling x6  
  177  10:20  Baneling  
  177  10:21  Zergling x2, Baneling x8  
  170  10:22  Queen  
  170  10:27  Zergling x4  
  134  10:30  Drone x2  
  134  10:33  Viper x2  
  134  10:35  Zergling x2  
  143  10:36  Queen  
  143  10:37  Zergling x4  
  143  10:38  Zergling x4  
  143  10:39  Zergling x2  
  143  10:40  Zergling x4  
  143  10:41  Baneling x8  
  152  10:46  Drone x4  
  156  10:53  Zergling x4, Hydralisk x3  
  162  11:01  Zergling x10  
  163  11:05  Spore Crawler  
  163  11:09  Zergling x4  
  163  11:10  Zergling x12  
  164  11:14  Zergling x4  
  164  11:16  Drone  
  164  11:17  Queen, Drone x2  
  165  11:19  Hydralisk  
  165  11:20  Hatchery  
  165  11:22  Zergling x4  
  163  11:27  Drone x2  
  163  11:30  Seismic Spines  
  163  11:32  Drone x3  
  168  11:36  Lurker x3  
  168  11:39  Hydralisk  
  174  11:40  Zergling x16  
  174  11:44  Zergling x6  
  183  11:47  Baneling  
  183  11:48  Baneling x8  
  183  11:49  Zergling x2  
  183  11:52  Baneling x7  
  184  12:01  Zergling x22  
  193  12:12  Hydralisk  
  193  12:13  Zergling x4  
  193  12:14  Zergling x6  
  200  12:16  Zerg Ground Armor Level 3, Zerg Missile Weapons Level 1  
  200  12:26  Drone x2  
  200  12:27  Drone x2  
  200  12:29  Adaptive Talons  
  190  12:34  Drone x3  
  191  12:37  Lurker x3  
  191  12:38  Drone x2  
  191  12:39  Drone  
  191  12:42  Zergling x6  
  191  12:44  Adrenal Glands  
  200  12:46  Grooved Spines  
  182  12:59  Zergling x36  
  182  13:04  Hydralisk  
  182  13:05  Zergling x10  
  194  13:09  Zergling x18  
  194  13:12  Zergling x8  
  196  13:16  Zergling x8  
  194  13:21  Baneling x5  
  194  13:29  Lurker  
  194  13:30  Zergling x10  
  194  13:33  Baneling x2  
  200  13:36  Hatchery  
  196  13:41  Overseer  
  192  13:51  Baneling x7  
  192  13:55  Zergling x2  
  193  13:57  Muscular Augments, Hydralisk x3  
  193  13:58  Zergling x2  
  184  14:03  Viper x3  
  184  14:08  Hydralisk x3  
  199  14:24  Zergling x2, Hydralisk x9  
  184  14:28  Zergling x16  
  192  14:35  Lurker x3  
  192  14:36  Lurker x2  
  192  14:38  Zergling x8  
  195  14:42  Nydus Network  
  195  14:43  Baneling x3  
  195  14:44  Zergling x12  
  195  14:47  Baneling x2  
  195  14:48  Zergling x8  
  194  15:11  Zergling x6  
  194  15:12  Zergling x18  
  196  15:20  Drone x4  
  190  15:22  Spine Crawler, Lurker x5  
  190  15:23  Spore Crawler  
  190  15:25  Zergling x8, Hydralisk  
  199  15:49  Overseer  
  199  15:51  Hatchery  
  199  15:52  Overlord x3  
  199  15:53  Overseer x4  
  199  15:55  Overlord  
  198  16:02  Spore Crawler, Spine Crawler  
  191  16:16  Hydralisk x4  
  191  16:17  Zergling x20  
  188  16:19  Hydralisk  
  188  16:20  Zergling x22  
  188  16:25  Zergling x14  
  193  16:28  Zergling x6  
  193  16:30  Zergling x6  
  193  16:32  Lurker  
  199  16:35  Zergling x10  
  199  16:38  Nydus Canal  
  199  16:51  Zergling x8  
  195  16:58  Zergling x4  
  195  16:59  Zergling x18  
  193  17:04  Baneling x13  
  193  17:06  Zergling x10, Baneling x10  
  193  17:07  Zergling x2, Overlord  
  199  17:12  Nydus Canal  
  196  17:19  Zergling x6  
Tags
 
Add a new tag
Caveats
  • Supply blocks, unpowered buildings, or Contaminate may cause inaccurate times.
  • Supply counts are checked every 10 seconds.